 Dungeon Crawl Stone Soup version 0.26-a0-1161-g0398aca569 (webtiles) character file.

Game seed: 3038099731781845209

14971 Morbidden the Nimble (level 11, 84/97 HPs)
             Began as a Pale Draconian Monk on Dec 26, 2020.
             Was the Champion of Jiyva.
             Quit the game on level 15 of the Dungeon.
             The game lasted 00:24:07 (12355 turns).

Morbidden the Nimble (Pale Draconian Monk)         Turns: 12355, Time: 00:24:08

Health: 84/97      AC:  9    Str: 11    XL:     11   Next: 95%
Magic:  7/20       EV: 21    Int: 17    God:    Jiyva [******]
Gold:   351        SH:  0    Dex: 25    Spells: 18/22 levels left

rFire    . . .     SeeInvis .   r - +8 whip of Fundamental Breach {vamp, Str+5 Dex+2 Stlth+}
rCold    + . .     Faith    .   (no shield)
rNeg     + . .     Spirit   +   (armour unavailable)
rPois    +         Reflect  .   (helmet restricted)
rElec    .         Harm     .   (no cloak)
rCorr    +         Rampage  .   A - +1 pair of gloves {Str+3}
Will     .....     Clarity  +   (no boots)
Stlth    +++++.....             w - amulet of guardian spirit
HPRegen  0.26/turn              E - ring of wizardry
MPRegen  0.17/turn              t - ring of the Commoners {rPois rN+}

@: short of breath
A: breathe steam, unfitting armour, blink, clarity, cold resistance 1, mutation
resistance 1, strong 1, acidic bite, pseudopods 1, cold-blooded, MP-powered
wands, AC +7
a: Breathe Steam, Blink, Renounce Religion, Request Jelly, Slimify, Cure Bad
Mutation


You were on level 15 of the Dungeon.
You worshipped Jiyva.
Jiyva was exalted by your worship.
You visited 2 branches of the dungeon, and saw 14 of its levels.

You collected 546 gold pieces.
You spent 195 gold pieces at shops.

Inventory:

Hand Weapons
 r - the +8 whip of Fundamental Breach (weapon) {vamp, Str+5 Dex+2 Stlth+}
   (You found it on level 4 of the Dungeon)

   It inflicts no extra harm, but heals its wielder when it wounds a living foe.
   It affects your strength (+5).
   It affects your dexterity (+2).
   It makes you more stealthy.
 x - a +6 scimitar
Missiles
 k - 5 curare-tipped darts (quivered)
 o - 49 poisoned darts
 u - 5 boomerangs
 v - a throwing net
Armour
 A - a +1 pair of gloves of strength (worn)
Jewellery
 l - an uncursed ring of protection from fire
 t - the ring of the Commoners (right hand) {rPois rN+}
   (You found it on level 4 of the Dungeon)

   [ring of positive energy]

   It protects you from poison.
   It protects you from negative energy.
 w - an amulet of guardian spirit (around neck)
 E - a ring of wizardry (left hand)
 G - an uncursed amulet of faith {unknown}
Wands
 y - a wand of digging (5)
 C - a wand of enslavement (8)
 H - a wand of flame (9)
 I - a wand of disintegration (10)
Scrolls
 a - 2 scrolls of magic mapping {unknown}
 c - 2 scrolls of enchant armour {unknown}
 g - 4 scrolls of enchant weapon {unknown}
 h - 6 scrolls of identify
 i - 6 scrolls of remove curse {unknown}
 n - a scroll of noise {unknown}
 p - 4 scrolls of immolation {unknown}
 s - a scroll of amnesia {unknown}
Potions
 b - 2 potions of heal wounds
 d - a potion of berserk rage {unknown}
 e - a potion of haste {unknown}
 f - a potion of lignification {unknown}
 j - 3 potions of mutation
 m - 5 potions of flight
 q - a potion of degeneration {unknown}
 B - a potion of might {unknown}
 D - a potion of curing {unknown}
 F - a potion of attraction {unknown}
Miscellaneous
 z - a condenser vane


   Skills:
 * Level 9.0 Fighting
 + Level 8.4 Maces & Flails
 + Level 2.2 Throwing
 * Level 9.2 Dodging
 + Level 6.3 Stealth
 + Level 4.4 Unarmed Combat
 * Level 6.0 Spellcasting
 * Level 5.9 Conjurations
 * Level 5.1 Translocations


You had 18 spell levels left.
You knew the following spells:

 Your Spells              Type           Power        Failure   Level
a - Iskenderun's Mystic   Conj/Tloc      23%          5%          4

Your spell library contained the following spells:

 Spells                   Type           Power        Failure   Level
 Magic Dart               Conj           100%         1%          1
 Searing Ray              Conj           50%          1%          2
 Dazzling Flash           Conj/Hex       30%          4%          3
 Animate Skeleton         Necr           10%          5%          1
 Corona                   Hex            5%           5%          1
 Pain                     Necr           20%          5%          1
 Portal Projectile        Hex/Tloc       26%          6%          3
 Slow                     Hex            5%           8%          2
 Sublimation of Blood     Necr           2%           8%          2
 Inner Flame              Hex/Fire       5%           16%         3
 Fulminant Prism          Conj/Hex       7%           16%         4
 Cause Fear               Hex            2%           43%         4
 Dispel Undead            Necr           5%           43%         4
 Leda's Liquefaction      Hex/Erth       2%           43%         4
 Agony                    Necr           5%           77%         5
 Death Channel            Necr           2%           99%         6


Dungeon Overview and Level Annotations

Branches:
Dungeon (12/15)            Temple (1/1) D:6            Lair (0/6) D:11
    Orc (0/2) D:11         Depths (0/5) D:15

Altars:
Ashenzari
Cheibriados
Dithmenos
Elyvilon
Fedhas
Gozag
Hepliaklqana
Kikubaaqudgha
Makhleb
Nemelex Xobeh
Okawaru
Qazlal
Ru
Sif Muna
Trog
Uskayaw
Vehumet
Wu Jian
Xom
Yredelemnul
Zin
The Shining One
Jiyva

Shops:
D:10 [

Annotations:
D:4 1 exclusion
D:11 1 runed translucent door


Innate Abilities, Weirdness & Mutations

You can breathe blasts of scalding, opaque steam.
Your pale cyan-grey scales are hard. (AC +7)
You cannot fit into any form of body armour.
You are cold-blooded and may be slowed by cold attacks.
You can translocate small distances at will.
You possess an exceptional clarity of mind.
Your flesh is cold resistant. (rC+)
You are somewhat resistant to further mutation.
Your muscles are strong. (Str +2)
You have acidic saliva.
Armour fits poorly on your pseudopods.
You expend magic power (3 MP) to strengthen your wands.


Message History

You whack the deep elf mage!
You feel better.
You kill the deep elf mage!
The orc priest casts a cantrip, but nothing happens.
Things that are here:
a +0 dagger; an elf corpse The orc priest closely misses you.
You see here a cursed +0 leather armour.
You hit the orc priest.
You feel better.
You kill the orc priest!
Things that are here:
a +0 club; a +0 flail An orc wizard comes into view.
It is wielding a +0 dagger.
You fall into a shaft and drop 3 floors!
The shaft crumbles and collapses.
Found 23 gold pieces and a yellow potion.
Found a staircase to the Depths.
A fire giant comes into view.
It is wielding a +2 great sword of flaming.
The fire giant moves out of view.
Unknown command.
Are you sure you want to abandon this character and quit the game? (Confirm with "yes".)

≈≈.≈§≈≈.....#
.....≈≈≈....##
≈.C.≈≈#......#
.....≈≈≈.....#
≈.≈.≈§≈.....#
≈≈≈≈≈#≈≈....#
§§#≈≈≈≈...$.#
§≈.≈.≈......#
..!....@....#
............#
............#
###............
#............
#............
#....#####...
#.... ...


You could see a fire giant (asleep).

Vanquished Creatures
  A hydra (D:8)
  3 two-headed ogres
  2 unseen horrors (D:11)
  An ugly thing (D:11)
  2 manticores
  A deep elf mage (D:12)
  Joseph (D:7)
  Maggie (D:7)
  A kobold demonologist (D:8)
  A troll (D:11)
  2 hornets
  8 yaks
  A steam dragon (D:8)
  6 sky beasts
  8 ice beasts
  A black bear (D:10)
  7 orc warriors
  3 phantoms
  9 ogres
  A necrophage (D:8)
  2 centaurs
  2 big kobolds
  7 bullfrogs
  A water moccasin zombie (D:12)
  A scorpion (D:11)
  A water moccasin skeleton (D:10)
  A howler monkey (D:6)
  5 killer bees (D:10)
  13 wights
  An electric eel (D:8)
  2 centaur zombies
  9 hounds
  3 bullfrog zombies
  4 orc priests
  A bullfrog skeleton (D:10)
  A centaur skeleton (D:9)
  17 orc wizards
  6 iguanas
  Terence (D:3)
  9 worker ants
  2 howler monkey skeletons (D:6)
  13 adders
  6 shadow imps
  3 white imps
  3 ufetubi
  5 worms
  7 leopard geckos
  42 orcs
  8 bats
  2 giant cockroaches (D:4)
  5 goblins
  10 hobgoblins
  6 jackals
  11 kobolds
  12 quokkas
  A ball python (D:2)
  6 frilled lizards
  A jackal skeleton (D:4)
  A leopard gecko skeleton (D:4)
  A quokka zombie (D:5)
  7 rats
299 creatures vanquished.

Vanquished Creatures (collateral kills)
  A two-headed ogre (D:11)
  A gargoyle (D:11)
  A komodo dragon (D:11)
  A centaur zombie (D:11)
4 creatures vanquished.

Vanquished Creatures (others)
  An unseen horror (D:11)
  A water moccasin (D:9)
  2 eyes of draining (D:10)
  An orc warrior (D:7)
  A necrophage (D:9)
  A bullfrog (D:7)
  31 jellies
  8 wights
  5 hounds
  2 orc wizards (D:8)
  A worker ant (D:6)
  An ooze (D:6)
  A worker ant zombie (D:6)
  2 adders
  2 white imps
  An ufetubus (D:9)
  9 orcs
  A jackal (D:8)
  A quokka (D:7)
  A frilled lizard (D:4)
  A kobold (D:11)
  51 plants
125 creatures vanquished.

Grand Total: 428 creatures vanquished

Notes
Turn   | Place    | Note
-------+----------+-------------------------------------------
     0 | D:1      | Morbidden the Draconian Monk began the quest for the Orb.
     0 | D:1      | Reached XP level 1. HP: 19/19 MP: 1/1
   294 | D:1      | Reached XP level 2. HP: 19/26 MP: 2/2
   927 | D:2      | Reached XP level 3. HP: 28/31 MP: 4/4
   994 | D:2      | Found a shadowy altar of Dithmenos.
  1098 | D:2      | Found a blossoming altar of Fedhas.
  1188 | D:2      | Found a sparkling altar of Nemelex Xobeh.
  1188 | D:2      | Found a broken altar of Ashenzari.
  1343 | D:3      | Reached skill level 1 in Spellcasting
  1605 | D:2      | Reached XP level 4. HP: 39/39 MP: 5/5
  1657 | D:2      | Found a glowing golden altar of the Shining One.
  2721 | D:3      | Found a white marble altar of Elyvilon.
  2792 | D:3      | Noticed Terence
  2806 | D:3      | Killed Terence
  2807 | D:3      | Reached XP level 5. HP: 41/46 MP: 6/6
  3250 | D:4      | Got a translucent whip
  3251 | D:4      | Identified the +8 whip of Fundamental Breach {vamp, Str+5
                  | Dex+2 Stlth+} (You found it on level 4 of the Dungeon)
  3338 | D:4      | Reached skill level 1 in Throwing
  3566 | D:4      | Identified the Volume of Sinister Rites
  3590 | D:4      | Noticed a moth of wrath
  3592 | D:4      | Found a bloodstained altar of Trog.
  3676 | D:4      | Got a heavily runed bronze ring
  3677 | D:4      | Identified the ring of the Commoners {rPois rN+} (You found
                  | it on level 4 of the Dungeon)
  3691 | D:4      | Noticed a phantom
  3713 | D:4      | Killed a phantom
  3714 | D:4      | Reached skill level 1 in Maces & Flails
  3714 | D:4      | Reached XP level 6. HP: 22/52 MP: 8/8
  4022 | D:5      | Entered Level 5 of the Dungeon
  4097 | D:5      | Found a glowing silver altar of Zin.
  4125 | D:5      | Found a glowing silver altar of Zin.
  4141 | D:5      | You fall into a shaft and drop 1 floor!
  4173 | D:6      | Found a staircase to the Ecumenical Temple.
  4182 | Temple   | Entered the Ecumenical Temple
  4269 | Temple   | Became a worshipper of Jiyva Jasasugu the Shapeless
  4269 | Temple   | Reached * piety under Jiyva
  4269 | Temple   | Reached ** piety under Jiyva
  4382 | D:6      | Your scales start taking on a pale cyan-grey colour.
  4382 | D:6      | Reached XP level 7. HP: 56/60 MP: 10/10
  4500 | D:6      | Reached skill level 5 in Fighting
  4514 | D:6      | Reached skill level 5 in Dodging
  4658 | D:6      | Reached XP level 8. HP: 68/68 MP: 12/12
  4753 | D:6      | Found a snail-covered altar of Cheibriados.
  4798 | D:6      | Reached *** piety under Jiyva
  5221 | D:5      | Gained mutation: You have a small jelly attached to you
                  | that senses nearby items. [Jiyva's grace]
  5239 | D:5      | Reached **** piety under Jiyva
  5641 | D:5      | Found a stormy altar of Qazlal.
  5650 | D:5      | Found an iron altar of Okawaru.
  6411 | D:4      | Gained mutation: Your translucent skin slightly reduces
                  | your foes' accuracy. (Stealth) [Jiyva's grace]
  6551 | D:4      | Reached skill level 5 in Maces & Flails
  6825 | D:7      | Learned a level 4 spell: Iskenderun's Mystic Blast
  6905 | D:7      | Noticed a two-headed ogre
  6925 | D:7      | Killed a two-headed ogre
  6926 | D:7      | Reached skill level 1 in Conjurations
  6926 | D:7      | Reached skill level 1 in Translocations
  6926 | D:7      | Reached XP level 9. HP: 25/75 MP: 6/14
  6960 | D:7      | Noticed Maggie
  6970 | D:7      | Lost mutation: You have a small jelly attached to you that
                  | senses nearby items. [potion of mutation]
  6970 | D:7      | Lost mutation: Your translucent skin slightly reduces your
                  | foes' accuracy. (Stealth) [potion of mutation]
  6970 | D:7      | Gained mutation: Your flesh is cold resistant. (rC+)
                  | [potion of mutation]
  6970 | D:7      | Gained mutation: Your spells are a little easier to cast,
                  | but a little less powerful. [potion of mutation]
  6970 | D:7      | Gained mutation: You are agile. (Dex +2) [potion of
                  | mutation]
  6988 | D:7      | Killed Maggie
  7009 | D:7      | Reached ***** piety under Jiyva
  7012 | D:7      | Gained mutation: You expend magic power (3 MP) to
                  | strengthen your wands. [Jiyva's grace]
  7057 | D:7      | Gained mutation: Your body has grown golden eyes which may
                  | confuse attackers. (Acc +3) [Jiyva's grace]
  7383 | D:7      | You fall into a shaft and drop 3 floors!
  7383 | D:10     | Entered Level 10 of the Dungeon
  7401 | D:10     | Noticed a two-headed ogre
  7415 | D:10     | Killed a two-headed ogre
  7416 | D:10     | Reached XP level 10. HP: 48/84 MP: 8/16
  7447 | D:10     | Gained mutation: You can translocate small distances at
                  | will. [Jiyva's grace]
  7777 | D:10     | Reached ****** piety under Jiyva
  7870 | D:10     | Reached skill level 5 in Stealth
  7877 | D:10     | Lost mutation: You are agile. (Dex +2) [Jiyva's grace]
  7910 | D:10     | Lost mutation: Your spells are a little easier to cast, but
                  | a little less powerful. [Jiyva's power]
  7997 | D:10     | Found Gureb's Antique Armour Emporium.
  8000 | D:10     | Bought a pair of runed gloves for 195 gold pieces
  8230 | D:9      | Noticed a manticore
  8246 | D:9      | Killed a manticore
  8365 | D:9      | Gained mutation: You possess an exceptional clarity of
                  | mind. [Jiyva's grace]
  8427 | D:9      | Found a hide-covered altar of Uskayaw.
  8427 | D:9      | Found a white marble altar of Elyvilon.
  8476 | D:9      | Reached skill level 5 in Spellcasting
  8883 | D:9      | Gained mutation: You are somewhat resistant to further
                  | mutation. [Jiyva's grace]
  9153 | D:9      | Found an ornate altar of the Wu Jian Council.
  9304 | D:8      | Reached XP level 11. HP: 93/93 MP: 18/18
  9467 | D:8      | Gained mutation: You are strong-willed. (Will+) [Jiyva's
                  | grace]
  9476 | D:8      | Noticed a four-headed hydra
  9492 | D:8      | Killed a four-headed hydra
  9600 | D:8      | Reached skill level 5 in Conjurations
  9927 | D:8      | Gained mutation: You have acidic saliva. [Jiyva's grace]
  9939 | D:8      | Found a hazy altar of Hepliaklqana.
 10300 | D:7      | Noticed Joseph
 10368 | D:7      | Killed Joseph
 10737 | D:11     | Found a staircase to the Lair.
 10769 | D:11     | Lost mutation: You are strong-willed. (Will+) [Jiyva's
                  | grace]
 10943 | D:11     | Noticed a two-headed ogre
 10961 | D:11     | Killed a two-headed ogre
 11035 | D:11     | Killed an unseen horror
 11066 | D:11     | Found a staircase to the Orcish Mines.
 11187 | D:11     | Gained mutation: Armour fits poorly on your pseudopods.
                  | [Jiyva's grace]
 11222 | D:11     | Lost mutation: Your body has grown golden eyes which may
                  | confuse attackers. (Acc +3) [Jiyva's grace]
 11248 | D:11     | Killed an unseen horror
 11518 | D:11     | Noticed a red ugly thing
 11546 | D:11     | Killed a red ugly thing
 11745 | D:11     | Noticed a two-headed ogre
 11753 | D:11     | Killed an unseen horror
 11755 | D:11     | Killed a two-headed ogre
 12006 | D:11     | Gained mutation: Your muscles are strong. (Str +2) [Jiyva's
                  | grace]
 12083 | D:11     | Found a runed translucent door.
 12083 | D:11     | Noticed a deep troll
 12083 | D:11     | Noticed a yaktaur captain
 12083 | D:11     | Noticed a deep troll earth mage
 12085 | D:11     | Noticed a storm dragon
 12085 | D:11     | Noticed a tengu reaver
 12085 | D:11     | Noticed a storm dragon
 12085 | D:11     | Noticed a deep troll earth mage
 12085 | D:11     | Noticed a crystal guardian
 12086 | D:11     | Found the +0 staff of Battle
 12314 | D:12     | Reached skill level 5 in Translocations
 12336 | D:12     | Noticed a deep elf mage
 12345 | D:12     | Killed a deep elf mage
 12352 | D:12     | You fall into a shaft and drop 3 floors!
 12352 | D:15     | Entered Level 15 of the Dungeon
 12352 | D:15     | Found a staircase to the Depths.
 12353 | D:15     | Noticed a fire giant
 12355 | D:15     | Quit the game

Illustrated notes

Levels and vault maps discovered:
D:1:      lightli_arrival_maybe_door_vault, layout_basic
D:2:      layout_loops_ring, lemuel_round_altar, overflow_temple_1_default,
          gammafunk_temple_overflow_statue, nicolae_tso_carved_into_rock
D:3:      layout_loops_corners, elyvilon_altar_1, uniq_terence
D:4:      layout_basic, tgw_trog, serial_bayou_pond_e
D:5:      layout_cave_pools, kennysheep_mini_moat, grunt_temple_overflow_open,
          basic_altar
D:6:      layout_basic, lemuel_crystal_altar, minmay_temple_entry_grid,
          st_stairs_11
D:7:      layout_basic, uniq_joseph, uniq_maggie
D:8:      nzn_winding_woodlands_stair_cross
          [nzn_winding_woodlands_5x15_lazy_stream,
          nzn_winding_woodlands_center_triple_pond,
          nzn_winding_woodlands_5x15_concentric,
          nzn_winding_woodlands_5x5_open_star,
          nzn_winding_woodlands_5x5_checkerboard,
          nzn_winding_woodlands_5x15_eye, nzn_winding_woodlands_center_lodge,
          nzn_winding_woodlands_5x15_pool], layout_loops_ring,
          lemuel_crystal_altar, moated_statue, serial_bayou_pond_e
D:9:      layout_loops_corners, gammafunk_temple_overflow_wave,
          nzn_wu_jian_council_hall, minmay_fractal_squares_gapless_5
D:10:     layout_gridville, serial_shops, nicolae_shop_behind_doors
D:11:     minmay_gate_of_8, layout_gridville, david_lair_shrubbed, david_orc_2
D:12:     layout_basic, portal_ice_cave_entry_ice_beasts
D:15:     grunt_enter_depths_giant_problem, layout_irregular_city,
          chequers_serial_rivers_micro_a
Temple:   pf_slimified_temple

Skill      XL: |  1  2  3  4  5  6  7  8  9 10 11 |
---------------+----------------------------------+-----
Dodging        | 3 4 5 6 7 8 9 |  9.2
Spellcasting   | 1 2 3 4 5 6 |  6.0
Stealth        | 2 3 4 5 6 |  6.3
Unarmed Combat | 4 |  4.4
Throwing       | 1 2 |  2.2
Fighting       | 4 5 6 7 9 |  9.0
Maces & Flails | 1 2 3 5 6 7 8 |  8.4
Conjurations   | 1 3 4 5 |  5.9
Translocations | 1 2 3 5 |  5.1

Action                   |  1- 3 |  4- 6 |  7- 9 | 10-12 || total
-------------------------+-------+-------+-------+-------++-------
Melee: Unarmed           |   120 |   117 |       |     3 ||   240
       Tailslap          |    15 |    25 |    51 |   121 ||   212
       Punch             |     1 |     3 |     8 |    18 ||    30
       Whip              |       |    94 |   260 |   510 ||   864
       Bite              |       |       |       |    35 ||    35
       Pseudopods        |       |       |       |    17 ||    17
Throw: Dart              |     1 |    33 |     6 |       ||    40
 Cast: Iskenderun's Myst |       |       |       |    15 ||    15
Invok: Request Jelly     |       |       |     2 |       ||     2
       Cure Bad Mutation |       |       |       |     1 ||     1
 Abil: Breathe Steam     |       |       |    12 |    19 ||    31
  Use: Scroll            |       |     2 |       |     1 ||     3
       Potion            |       |       |     3 |       ||     3
 Stab: Sleeping          |     5 |     9 |     5 |    15 ||    34
       Confused          |       |       |     3 |     6 ||     9
       Distracted        |       |       |       |     4 ||     4
Armor: Skin              |    30 |    53 |    41 |    87 ||   211
Dodge: Dodged            |    65 |   115 |   209 |   430 ||   819

Table legend: (Time is in decaauts)
 A = Elapsed time spent in this place.
 B = Non-inter-level travel time spent in this place.
 C = Inter-level travel time spent in this place.
 D = Time resting spent in this place.
 E = Time spent auto-exploring this place.
 F = Levels seen in this place.
 G = Mean time per level.
                   A        B        C        D        E       F      G
               +--------+--------+--------+--------+--------+-----+--------+
         Total |  12182 |  11745 |    437 |    770 |   8052 |  14 |  870.1 |
       Dungeon |  12071 |  11634 |    437 |    770 |   7968 |  13 |  928.5 |
        Temple |    110 |    110 |      0 |      0 |     84 |   1 |  110.0 |
               +--------+--------+--------+--------+--------+-----+--------+

Top non-repeatable levels by time:
     D:4: 1755 daAuts
    D:11: 1535 daAuts
     D:3: 1484 daAuts
     D:2: 1123 daAuts
     D:9: 1103 daAuts
     D:8: 1019 daAuts
     D:6: 972 daAuts
     D:7: 918 daAuts
    D:10: 793 daAuts
     D:5: 677 daAuts
     D:1: 624 daAuts
  Temple: 110 daAuts
    D:12: 60 daAuts
    D:15: 2 daAuts
